 Dungeon Crawl Stone Soup version 0.29.0-4-gdea44cf6ec (webtiles) character file.

Game seed: 8643904024849916987

1444 qw the Cleaver (level 8, -7/46 HPs)
             Began as a Tengu Warper on Aug 29, 2022.
             Mangled by Duvessa
             ... wielding a +0 short sword
              (9 damage)
             ... on level 6 of the Dungeon.
             The game lasted 00:01:44 (7373 turns).

qw the Cleaver (Tengu Warper)                       Turns: 7373, Time: 00:01:45

Health: -7/46      AC: 15    Str: 20    XL:     8   Next: 74%
Magic:  12/12      EV:  6    Int: 13    God:
Gold:   254        SH:  9    Dex: 14    Spells: 11/11 levels left

rFire   + . .      SeeInvis .   Y - +2 hand axe
rCold   . . .      Faith    .   a - +0 kite shield
rNeg    . . .      Spirit   .   h - +0 plate armour
rPois   +          Reflect  .   (helmet restricted)
rElec   .          Harm     .   (no cloak)
rCorr   .          Rampage  .   (no gloves)
Will    .....                   (boots unavailable)
Stlth   ..........              (no amulet)
HPRegen 0.15/turn               e - ring "Exteofu" {rPois rF+ Str+6 Stlth+}
MPRegen 0.13/turn               m - +4 ring of protection

@: flying quickly and evasively, quick
A: beak, talons 3, nimble flight
a: no special abilities


You were on level 6 of the Dungeon.
You visited 1 branch of the dungeon, and saw 6 of its levels.

You collected 254 gold pieces.


Innate Abilities, Weirdness & Mutations

You have a beak for a mouth.
You have claws for feet.
Your magical nature lets you fly swiftly and evasively.


   Skills:
 - Level 3.5 Fighting
 + Level 8.9 Axes
 - Level 1.0 Throwing
 - Level 3.8 Armour
 - Level 2.1 Dodging
 - Level 5.0 Shields
 - Level 2.0 Spellcasting
 - Level 2.4 Translocations


You had 11 spell levels left.
You didn't know any spells.
Your spell library contained the following spells:

 Spells                   Type           Power      Damage    Failure   Level
 Blink                    Tloc           14%        N/A       100%        2
 Gell's Gravitas          Tloc           7%         N/A       100%        3
 Lesser Beckoning         Tloc           7%         N/A       100%        3
 Teleport Other           Tloc           7%         N/A       100%        3
 Manifold Assault         Tloc           7%         N/A       100%        5

Inventory:

Hand Weapons
 n - a +0 flail of protection
 Y - a +2 hand axe (weapon)
Missiles
 b - 3 boomerangs (quivered)
Armour
 a - a +0 kite shield (worn)
 h - a +0 plate armour (worn)
Jewellery
 e - the ring "Exteofu" (left hand) {rPois rF+ Str+6 Stlth+}
   (You found it on level 4 of the Dungeon)

   [ring of strength]

   Str:       It affects your strength (+6).
   rF:        It protects you from fire.
   rPois:     It protects you from poison.
   Stlth:     It makes you more stealthy.
 m - a +4 ring of protection (right hand)
Scrolls
 j - a scroll of identify
Potions
 c - 4 potions of curing
 d - a potion of attraction {unknown}
 k - a potion of might {unknown}

Dungeon Overview and Level Annotations

Branches:
Dungeon (6/15)
 Temple: D:4-7

Altars:
Ashenzari
Dithmenos
Sif Muna

Annotations:
D:6 Duvessa


Message History

Duvessa is lightly wounded.
Duvessa hits you with a +0 short sword.
You hit Duvessa but do no damage.
Duvessa is lightly wounded.
You block Duvessa's attack. Duvessa barely misses you.
You hit Duvessa but do no damage.
Duvessa is lightly wounded.
You block Duvessa's attack.
You barely miss Duvessa. Your peck misses Duvessa.
Duvessa is lightly wounded.
You block Duvessa's attack.
You hit Duvessa. You claw Duvessa, but do no damage.
Duvessa is moderately wounded.
Duvessa hits you with a +0 short sword. x2
You hit Duvessa but do no damage. You peck Duvessa.
Duvessa is moderately wounded.
You block Duvessa's attack.
You hit Duvessa. You claw Duvessa. Your peck misses Duvessa.
Duvessa is heavily wounded.
Duvessa barely misses you. You block Duvessa's attack.
You hit Duvessa. Your peck misses Duvessa.
Duvessa is heavily wounded.
You block Duvessa's attack.
You barely miss Duvessa. You peck Duvessa.
Duvessa is heavily wounded.
Duvessa hits you with a +0 short sword. Duvessa hits you but does no damage.
You hit Duvessa but do no damage. Your kick misses Duvessa.
Duvessa is heavily wounded.
You are no longer glowing.
You block Duvessa's attack.
You hit Duvessa. You claw Duvessa, but do no damage.
Duvessa is severely wounded.
Duvessa hits you with a +0 short sword. Duvessa hits you with a +0 short sword!
You hit Duvessa but do no damage.
Duvessa is severely wounded.
You block Duvessa's attack. Duvessa hits you with a +0 short sword!
You hit Duvessa. Your kick misses Duvessa.
Duvessa is severely wounded.
Duvessa hits you with a +0 short sword!
You die...

.#
#..)....#..
.### .#
#.##..####.#
.###.#.!##
.#.....##
##.##.## ##
### #.#####
#.. ._.#
##.##.....#
..# #.:.#
#........##
#e#)..#
#######.##
##@..# #.#
##...##
#.######...##
#....##...##
####.#...##
#.....#
#######


You could see Duvessa (berserk).

Vanquished Creatures
  A black bear (D:4)
  An ice beast (D:5)
  A sky beast (D:6)
  3 ogres (D:5)
  A centaur (D:6)
  A phantom (D:6)
  2 scorpions (D:5)
  Dowan (D:6)
  A howler monkey (D:4)
  5 hounds
  2 orc priests (D:4)
  A gnoll bouda (D:4)
  Jessica (D:2)
  An iguana (D:6)
  2 orc wizards (D:5)
  6 gnolls
  8 adders
  An ufetubus (D:4)
  2 dart slugs
  2 worms
  8 orcs
  3 endoplasms
  4 giant cockroaches
  6 goblins
  7 hobgoblins
  13 jackals
  4 quokkas
  9 ball pythons
  A bat (D:2)
  2 frilled lizards
  15 kobolds
  4 rats
119 creatures vanquished.

Notes
Turn   | Place    | Note
-------+----------+-------------------------------------------
     0 | D:1      | qw the Tengu Warper began the quest for the Orb.
     0 | D:1      | Reached XP level 1. HP: 12/12 MP: 4/4
     0 | D:1      | 0 ||| qw: Version: 0.1-a-89-g26bdef1
     0 | D:1      | 0 ||| qw: Game counter: 3439
     0 | D:1      | 0 ||| qw: Always use a shield: true
     0 | D:1      | 0 ||| qw: God list: Okawaru
     0 | D:1      | 0 ||| qw: Allow faded altars: false
     0 | D:1      | 0 ||| qw: Do Orc after D:15 true
     0 | D:1      | 0 ||| qw: Do second Lair branch before Depths: true
     0 | D:1      | 0 ||| qw: Lair rune preference: random
     0 | D:1      | 0 ||| qw: Plans: Normal
     0 | D:1      | 0 ||| PLANNING D:1-11
   376 | D:1      | HP: 3/12 [quokka (1)]
   378 | D:1      | Reached skill level 3 in Axes
   378 | D:1      | Reached XP level 2. HP: 4/17 MP: 6/6
  1394 | D:1      | 1394 ||| UPGRADING to +0 chain mail.
  1404 | D:1      | 1404 ||| DROPPING +0 leather armour.
  1405 | D:1      | 1405 ||| UPGRADING to +4 ring of protection.
  1406 | D:1      | 1406 ||| UPGRADING to ring of positive energy.
  1407 | D:1      | 1407 ||| READING scroll labelled SAIJIA UMAM.
  1408 | D:1      | 1408 ||| READING scroll labelled DEXZIH MEKUNG.
  1409 | D:1      | 1409 ||| DROPPING scroll of blinking.
  1410 | D:1      | 1410 ||| Stepping randomly (stuck).
  1411 | D:1      | 1411 ||| Stepping ~*~*~tactically~*~*~ (cloud).
  1417 | D:1      | HP: 4/17 [poisoned by you (poison gas)]
  1812 | D:2      | Found a broken altar of Ashenzari.
  1846 | D:2      | Noticed Jessica
  1847 | D:2      | 1847 ||| Stepping ~*~*~tactically~*~*~ (hiding).
  1860 | D:2      | Killed Jessica
  1861 | D:2      | Reached skill level 4 in Axes
  1861 | D:2      | Reached XP level 3. HP: 21/21 MP: 7/7
  2002 | D:2      | Reached XP level 4. HP: 23/26 MP: 8/8
  2271 | D:2      | Reached skill level 5 in Axes
  2589 | D:2      | 2589 ||| Stepping ~*~*~tactically~*~*~ (stealth).
  2673 | D:2      | 2673 ||| Stepping ~*~*~tactically~*~*~ (stealth).
  2677 | D:2      | 2677 ||| Stepping ~*~*~tactically~*~*~ (stealth).
  2692 | D:2      | HP: 6/26 [gnoll/+0 whip (2)]
  2694 | D:2      | Gained mutation: Your magical nature lets you fly swiftly
                  | and evasively. [Tengu growth]
  2694 | D:2      | Reached XP level 5. HP: 7/30 MP: 9/9
  2741 | D:2      | 2741 ||| FLEEEEING.
  2742 | D:2      | 2742 ||| FLEEEEING.
  2743 | D:2      | 2743 ||| FLEEEEING.
  2744 | D:2      | 2744 ||| FLEEEEING.
  2745 | D:2      | 2745 ||| FLEEEEING.
  2746 | D:2      | 2746 ||| FLEEEEING.
  2747 | D:2      | 2747 ||| FLEEEEING.
  2749 | D:2      | 2749 ||| FLEEEEING.
  2750 | D:2      | 2750 ||| FLEEEEING.
  2751 | D:2      | 2751 ||| FLEEEEING.
  2752 | D:2      | 2752 ||| FLEEEEING.
  2754 | D:2      | 2754 ||| FLEEEEING.
  2755 | D:2      | 2755 ||| FLEEEEING.
  2756 | D:2      | 2756 ||| FLEEEEING.
  2757 | D:2      | 2757 ||| FLEEEEING.
  2758 | D:2      | 2758 ||| FLEEEEING.
  2759 | D:2      | 2759 ||| FLEEEEING.
  2760 | D:2      | 2760 ||| FLEEEEING.
  2761 | D:2      | 2761 ||| FLEEEEING.
  2762 | D:2      | 2762 ||| FLEEEEING.
  2763 | D:2      | 2763 ||| FLEEEEING.
  2764 | D:2      | 2764 ||| FLEEEEING.
  2765 | D:2      | 2765 ||| FLEEEEING.
  2766 | D:2      | 2766 ||| FLEEEEING.
  2767 | D:2      | 2767 ||| FLEEEEING.
  2768 | D:2      | 2768 ||| FLEEEEING.
  2773 | D:2      | 2773 ||| STAIRDANCE
  2924 | D:1      | 2924 ||| UPGRADING to +0 kite shield.
  2929 | D:1      | 2929 ||| UPGRADING to +6 ring of dexterity.
  2931 | D:1      | 2931 ||| DROPPING ring of positive energy.
  2932 | D:1      | 2932 ||| READING scroll labelled IGAXAATACO.
  3038 | D:2      | 3038 ||| DROPPING +0 club.
  3070 | D:2      | 3070 ||| DROPPING +0 whip.
  3208 | D:1      | 3208 ||| Stepping randomly (stuck).
  3269 | D:3      | 3269 ||| Stepping ~*~*~tactically~*~*~ (stealth).
  3271 | D:3      | 3271 ||| Stepping ~*~*~tactically~*~*~ (stealth).
  3295 | D:3      | 3295 ||| Stepping ~*~*~tactically~*~*~ (stealth).
  3384 | D:3      | 3384 ||| DROPPING +2 whip of draining.
  3468 | D:3      | 3468 ||| READING scroll of enchant weapon.
  3468 | D:3      | 3468 ||| ENCHANTING +1 hand axe.
  3500 | D:3      | 3500 ||| DROPPING +0 flail.
  3517 | D:3      | 3517 ||| Stepping ~*~*~tactically~*~*~ (hiding).
  3525 | D:3      | Reached skill level 1 in Shields
  3876 | D:3      | 3876 ||| UPGRADING to +0 plate armour.
  3886 | D:3      | 3886 ||| DROPPING +0 chain mail.
  3887 | D:3      | 3887 ||| UPGRADING to +6 ring of strength.
  3889 | D:3      | 3889 ||| DROPPING +6 ring of dexterity.
  3890 | D:3      | 3890 ||| READING scroll labelled LOHYNUIDIO.
  3893 | D:3      | 3893 ||| READING scroll labelled UREMIO XIOXAIJ.
  3894 | D:3      | 3894 ||| READING scroll labelled JOTHESERPHI.
  3895 | D:3      | 3895 ||| DRINKING 2 yellow potions.
  3958 | D:4      | 3958 ||| Stepping ~*~*~tactically~*~*~ (stealth).
  3959 | D:4      | 3959 ||| Stepping ~*~*~tactically~*~*~ (stealth).
  3975 | D:4      | 3975 ||| Stepping ~*~*~tactically~*~*~ (stealth).
  3983 | D:4      | 3983 ||| Stepping ~*~*~tactically~*~*~ (stealth).
  3987 | D:4      | Reached skill level 3 in Shields
  3987 | D:4      | Reached XP level 6. HP: 31/35 MP: 10/10
  4001 | D:4      | 4001 ||| Stepping ~*~*~tactically~*~*~ (stealth).
  4057 | D:4      | Found a shadowy altar of Dithmenos.
  4070 | D:4      | Noticed a black bear
  4071 | D:4      | 4071 ||| Stepping ~*~*~tactically~*~*~ (stealth).
  4075 | D:4      | 4075 ||| Stepping ~*~*~tactically~*~*~ (stealth).
  4078 | D:4      | Killed a black bear
  4079 | D:4      | 4079 ||| Stepping ~*~*~tactically~*~*~ (stealth).
  4093 | D:4      | Identified the ring "Exteofu" {rPois rF+ Str+6 Stlth+}
  4135 | D:4      | Reached skill level 6 in Axes
  4192 | D:4      | 4192 ||| Stepping ~*~*~tactically~*~*~ (stealth).
  4196 | D:4      | Reached XP level 7. HP: 20/40 MP: 11/11
  4201 | D:4      | 4201 ||| FLEEEEING.
  4202 | D:4      | 4202 ||| FLEEEEING.
  4203 | D:4      | 4203 ||| FLEEEEING.
  4204 | D:4      | 4204 ||| FLEEEEING.
  4205 | D:4      | 4205 ||| FLEEEEING.
  4206 | D:4      | 4206 ||| FLEEEEING.
  4207 | D:4      | 4207 ||| FLEEEEING.
  4208 | D:4      | 4208 ||| FLEEEEING.
  4209 | D:4      | 4209 ||| FLEEEEING.
  4210 | D:4      | 4210 ||| FLEEEEING.
  4211 | D:4      | 4211 ||| FLEEEEING.
  4212 | D:4      | 4212 ||| FLEEEEING.
  4213 | D:4      | 4213 ||| FLEEEEING.
  4214 | D:4      | 4214 ||| FLEEEEING.
  4215 | D:4      | 4215 ||| FLEEEEING.
  4218 | D:4      | 4218 ||| FLEEEEING.
  4219 | D:4      | 4219 ||| FLEEEEING.
  4220 | D:4      | 4220 ||| FLEEEEING.
  4221 | D:4      | 4221 ||| FLEEEEING.
  4222 | D:4      | 4222 ||| FLEEEEING.
  4223 | D:4      | 4223 ||| STAIRDANCE
  4345 | D:3      | 4345 ||| UPGRADING to ring "Exteofu" {rPois rF+ Str+6
                  | Stlth+}.
  4347 | D:3      | 4347 ||| UPGRADING to +4 ring of protection.
  4349 | D:3      | 4349 ||| DROPPING +6 ring of strength.
  4501 | D:4      | 4501 ||| Stepping ~*~*~tactically~*~*~ (hiding).
  4919 | D:4      | 4919 ||| READING 2 scrolls of identify.
  4919 | D:4      | 4919 ||| IDENTIFYING glowing ruby potion
  4920 | D:4      | 4920 ||| DROPPING potion of lignification.
  4945 | D:5      | Entered Level 5 of the Dungeon
  5008 | D:5      | Reached skill level 7 in Axes
  5214 | D:5      | 5214 ||| Stepping ~*~*~tactically~*~*~ (hiding).
  5221 | D:5      | 5221 ||| Stepping ~*~*~tactically~*~*~ (stealth).
  5241 | D:5      | HP: 3/40 [ice beast (14)]
  5242 | D:5      | 5242 ||| READING scroll of teleportation.
  5244 | D:5      | Reached skill level 3 in Fighting
  5622 | D:5      | Reached skill level 3 in Armour
  5622 | D:5      | Reached XP level 8. HP: 42/46 MP: 12/12
  5768 | D:5      | 5768 ||| Stepping ~*~*~tactically~*~*~ (stealth).
  5873 | D:5      | HP: 5/46 [ogre/+0 giant club (14)]
  6667 | D:5      | 6667 ||| READING scroll labelled GIYDOR IWINE.
  6668 | D:5      | 6668 ||| DRINKING 2 silvery potions.
  6669 | D:5      | 6669 ||| READING 4 scrolls of identify.
  6669 | D:5      | 6669 ||| IDENTIFYING bubbling dark potion
  6670 | D:5      | 6670 ||| READING 3 scrolls of identify.
  6670 | D:5      | 6670 ||| IDENTIFYING fuming sapphire potion
  6671 | D:5      | 6671 ||| READING 2 scrolls of identify.
  6671 | D:5      | 6671 ||| IDENTIFYING grey potion
  6672 | D:5      | 6672 ||| DROPPING potion of flight.
  6673 | D:5      | 6673 ||| DROPPING potion of berserk rage.
  6674 | D:5      | 6674 ||| DROPPING potion of magic.
  6675 | D:5      | 6675 ||| DROPPING potion of brilliance.
  6682 | D:6      | 6682 ||| PLANNING SEWER
  6691 | D:6      | Reached skill level 8 in Axes
  6700 | D:6      | 6700 ||| Stepping ~*~*~tactically~*~*~ (stealth).
  6705 | D:6      | 6705 ||| Stepping ~*~*~tactically~*~*~ (hiding).
  6706 | D:6      | 6706 ||| Stepping ~*~*~tactically~*~*~ (hiding).
  6715 | D:6      | HP: 6/46 [orc warrior/+0 dire flail (10)]
  6716 | D:6      | 6716 ||| READING scroll of teleportation.
  6821 | D:6      | 6821 ||| Invisible monster not found???
  7066 | D:6      | 7066 ||| Stepping ~*~*~tactically~*~*~ (stealth).
  7082 | D:6      | 7082 ||| Stepping ~*~*~tactically~*~*~ (hiding).
  7141 | D:6      | 7141 ||| Stepping ~*~*~tactically~*~*~ (stealth).
  7142 | D:6      | 7142 ||| Stepping ~*~*~tactically~*~*~ (stealth).
  7316 | D:6      | 7316 ||| RIP SEWER
  7318 | D:6      | 7318 ||| PLANNING D:1-11
  7350 | D:6      | Found a shimmering blue altar of Sif Muna.
  7350 | D:6      | Noticed Dowan
  7354 | D:6      | Noticed Duvessa
  7360 | D:6      | Killed Dowan
  7372 | D:6      | HP: 2/46 [Duvessa/+0 short sword (11)]
  7373 | D:6      | Mangled by Duvessa

Levels and vault maps discovered:
D:1:      spicycebolla_arrival_ecumenical, layout_basic
D:2:      kennysheep_six_static_rooms, layout_basic, basic_altar, uniq_jessica
D:3:      layout_loops_ring
D:4:      layout_loops_cross, grunt_dithmenos_smoke, st_stairs_14
D:5:      layout_basic
D:6:      layout_rooms, nzn_overflow_gifts_of_might_and_magic,
          portal_sewer_entry_d, grunt_decor_resistance, hex_tiny

Skill      XL: |  1  2  3  4  5  6  7  8 |
---------------+-------------------------+-----
Axes           | 3 4 5 6 7 8 |  8.9
Shields        | 3 4 5 |  5.0
Armour         | 2 3 |  3.8
Fighting       | 3 |  3.5
Throwing       | |  1.0
Dodging        | |  2.1
Spellcasting   | |  2.0
Translocations | |  2.4

Action                   |  1- 3 |  4- 6 |  7- 9 || total
-------------------------+-------+-------+-------++-------
Melee: Hand axe          |    75 |   110 |   162 ||   347
       Kick              |    13 |    26 |    43 ||    82
       Peck              |     7 |    19 |    30 ||    56
       Punch             |     1 |       |       ||     1
Throw: Boomerang         |     7 |    34 |    38 ||    79
  Use: Scroll            |     2 |     5 |     7 ||    14
       Potion            |       |     1 |     1 ||     2
Armor: Leather armour    |    10 |       |       ||    10
       Chain mail        |    19 |    20 |       ||    39
       Plate armour      |       |    23 |    83 ||   106
Dodge: Dodged            |    32 |    25 |    37 ||    94
Block: Kite shield       |       |    27 |    75 ||   102

Table legend:
 A = Non-vault XP
 B = Vault XP
 C = Vault XP percentage of total XP
 D = Non-vault monster count
 E = Vault monster count
 F = Vault count percentage of total count
                 A         B        C        D         E       F
            +---------+---------+-------+---------+---------+-------
      Total |    1944 |     119 |   5.8 |     110 |       9 |   7.6
            +---------+---------+-------+---------+---------+-------
        D:1 |      24 |       0 |   0.0 |      16 |       0 |   0.0
        D:2 |      96 |      50 |  34.2 |      21 |       7 |  25.0
        D:3 |      29 |       0 |   0.0 |      16 |       0 |   0.0
        D:4 |     517 |       3 |   0.6 |      30 |       1 |   3.2
        D:5 |     795 |       0 |   0.0 |      17 |       0 |   0.0
        D:6 |     483 |      66 |  12.0 |      10 |       1 |   9.1
            +---------+---------+-------+---------+---------+-------
